 Dungeon Crawl Stone Soup version 0.26-a0-639-g72c4674329 (webtiles) character file.

Game seed: 3095275363593060244

10336 Flugslaktarn the Cleaver (level 11, -2/106 HPs)
             Began as a Deep Dwarf Fighter on Sept 23, 2020.
             Was a Priest of Makhleb.
             Slain by a wraith (4 damage)
             ... led by Josephine
             ... while paralysed
             ... on level 10 of the Dungeon.
             The game lasted 00:03:44 (5290 turns).

Flugslaktarn the Cleaver (Deep Dwarf Fighter)       Turns: 5290, Time: 00:03:44

Health: -2/106     AC: 13    Str: 23    XL:     11   Next: 34%
Magic:  10/10      EV:  2    Int:  9    God:    Makhleb [***...]
Gold:   447        SH:  0    Dex: 12    Spells: 10/10 levels left

rFire    . . .     SeeInvis .   s - +0 broad axe
rCold    . . .     Faith    .   c - +0 kite shield
rNeg     . . .     Spirit   .   l - +1 plate armour
rPois    .         Reflect  .   (no helmet)
rElec    .         Harm     .   (no cloak)
rCorr    .         Rampage  .   (no gloves)
MR       +....                  (no boots)
Stlth    ..........             (no amulet)
HPRegen  0.00/turn              (no ring)
MPRegen  0.12/turn              (no ring)

@: paralysed, berserk cooldown, non-regenerating, slowed, very heavily drained
A: damage resistance, heal wounds, sense surroundings 2, no regeneration
a: Heal Wounds, Minor Destruction, Lesser Servant of Makhleb, Renounce Religion


You were on level 10 of the Dungeon.
You worshipped Makhleb.
Makhleb was most pleased with you.
You visited 2 branches of the dungeon, and saw 11 of its levels.

You collected 447 gold pieces.

Inventory:

Hand Weapons
 s - a +0 broad axe (weapon)
   (You found it on level 8 of the Dungeon)
Missiles
 b - 4 throwing nets (quivered)
Armour
 c - a +0 kite shield (worn)
 l - a +1 plate armour (worn)
   (You found it on level 5 of the Dungeon)
Wands
 d - a wand of acid (7)
   (You took it off Harold on level 8 of the Dungeon)
 A - a wand of iceblast (5)
   (You found it on level 10 of the Dungeon)
Scrolls
 a - 2 scrolls of enchant armour
 e - 2 scrolls of immolation
 n - 2 scrolls of fog {unknown}
 p - a scroll of fear
 r - 3 scrolls of identify
 t - 3 scrolls of teleportation
 w - a scroll of amnesia {unknown}
 x - 2 scrolls of remove curse
 y - a scroll of noise {unknown}
 z - a scroll of blinking
Potions
 f - 2 potions of degeneration {unknown}
 g - 4 potions of mutation
 h - a potion of haste {unknown}
 i - 2 potions of berserk rage
 j - 2 potions of flight {unknown}
 k - 4 potions of stabbing {unknown}
 m - 3 potions of lignification {unknown}
 o - 2 potions of brilliance {unknown}
 q - a potion of curing
 u - a potion of ambrosia {unknown}
 v - a potion of cancellation {unknown}


   Skills:
 * Level 9.5(6.0) Fighting
 * Level 10.9(7.2) Axes
 + Level 8.3(4.8) Armour
 + Level 8.3(4.9) Shields
 + Level 7.5(4.1) Invocations


You had 10 spell levels left.
You didn't know any spells.
Your spell library was empty.

Dungeon Overview and Level Annotations

Branches:
Dungeon (10/15)            Temple (1/1) D:5            Lair (0/6) D:8
    Orc: D:9-12

Altars:
Ashenzari
Cheibriados
Dithmenos
Elyvilon
Fedhas
Gozag
Hepliaklqana
Kikubaaqudgha
Makhleb
Nemelex Xobeh
Okawaru
Qazlal
Ru
Sif Muna
Trog
Uskayaw
Vehumet
Wu Jian
Xom
Yredelemnul
Zin
The Shining One

Shops:
D:8 :   D:9 ?


Innate Abilities, Weirdness & Mutations

You are resistant to damage.
You can heal yourself by infusing magical energy.
You passively map the area around you.
You do not regenerate.


Message History

You are too injured to fight recklessly!
You are too injured to fight recklessly!
You closely miss the wraith.
The wraith is heavily damaged.
You hit the wraith. The wraith hits you but does no damage.
You block the wraith's attack.
You slash the wraith!
The wraith is severely damaged.
You hit the wraith.
A killer bee comes into view.
The wraith hits you but does no damage. x2
You barely miss the wraith.
The wraith is severely damaged.
Your plate armour prevents you from hitting the wraith.
You are no longer berserk.
You pass out from exhaustion.
You feel as though you will be slow longer.
The killer bee buzzes angrily.
The wraith hits you.
You die...

.# * .### #... * .#
* ...##..>.#*, ,,
.# * .... ...## ,,
.#### *#..##.#.. ,
,, ....####
##......#* ,,
..#....# #...#.(.,
, , , #.####.#
####.#.#.####.. , ,
#.##
#.###......WW......
, #..#
#.....##..#@#.###..
* ##.#
#..####..##.†.#
##.# #..#
#..####..y.. ##.#
#..#*#.#, ..(##..,
...###..##... ...#
, ##...........
*##.#* , ,
,#.#...#..... ,
..,* , ,#.........#
* *##. , ,
....>.#..#..., *


You could see 2 wraiths and a killer bee.

Vanquished Creatures
  Josephine (D:10)
  Erica (D:9)
  Harold (D:8)
  Pikel (D:8)
  Joseph (D:9)
  Maggie (D:9)
  A hippogriff (D:8)
  Sigmund (D:4)
  5 yaks (D:9)
  A wraith (D:10)
  2 wyverns
  5 humans (D:6)
  A water moccasin (D:8)
  2 porcupines (D:8)
  3 ice beasts
  A black bear (D:8)
  5 phantoms
  3 orc warriors
  4 ogres
  5 centaurs
  A lemure (D:8)
  2 big kobolds
  5 bullfrogs
  A wyvern skeleton (D:9)
  4 scorpions
  3 jellies
  10 killer bees
  9 howler monkeys
  2 bullfrog zombies
  10 hounds
  6 orc wizards
  3 orc priests
  A centaur skeleton (D:7)
  2 bullfrog skeletons
  4 iguanas
  10 worker ants
  A killer bee zombie (D:5)
  A hound skeleton (D:7)
  A worker ant zombie (D:7)
  A howler monkey skeleton (D:8)
  4 gnolls (D:5)
  10 adders
  3 shadow imps
  A white imp (D:7)
  An ufetubus (D:9)
  An ooze (D:4)
  An adder zombie (D:7)
  2 adder skeletons (D:4)
  2 worms
  A dart slug (D:5)
  4 leopard geckos
  17 orcs
  A giant cockroach (D:6)
  A hobgoblin (D:3)
  4 jackals (D:4)
  5 quokkas
  A frilled lizard (D:5)
  2 goblins
  A jackal zombie (D:7)
  10 kobolds
  2 quokka skeletons
  3 rats (D:3)
199 creatures vanquished.

Vanquished Creatures (others)
  A killer bee (D:10)
  3 fungi (D:8)
  5 plants (D:8)
  4 withered plants (D:10)
13 creatures vanquished.

Grand Total: 212 creatures vanquished

Notes
Turn   | Place    | Note
-------+----------+-------------------------------------------
     0 | D:1      | Flugslaktarn the Deep Dwarf Fighter began the quest for the
                  | Orb.
     0 | D:1      | Reached XP level 1. HP: 20/20 MP: 1/1
   103 | D:3      | Reached XP level 2. HP: 27/27 MP: 2/2
   183 | D:3      | Reached XP level 3. HP: 23/34 MP: 3/3
   196 | D:4      | Reached skill level 3 in Axes
   211 | D:4      | Noticed a phantom
   218 | D:4      | Reached XP level 4. HP: 38/42 MP: 4/4
   266 | D:4      | Killed a phantom
   266 | D:4      | Reached XP level 5. HP: 43/50 MP: 5/5
   313 | D:4      | Reached skill level 4 in Axes
   362 | D:4      | Noticed Sigmund
   369 | D:4      | Killed Sigmund
   369 | D:4      | Reached XP level 6. HP: 27/58 MP: 6/6
   456 | D:4      | Reached skill level 5 in Axes
   472 | D:4      | Reached XP level 7. HP: 55/66 MP: 7/7
   530 | D:4      | Reached skill level 5 in Fighting
   569 | D:4      | Reached skill level 5 in Shields
   593 | D:4      | Reached skill level 5 in Armour
   618 | D:4      | Reached skill level 6 in Axes
   744 | D:5      | Entered Level 5 of the Dungeon
   752 | D:5      | Found a staircase to the Ecumenical Temple.
   766 | D:5      | Reached XP level 8. HP: 34/75 MP: 7/7
   772 | Temple   | Entered the Ecumenical Temple
  1018 | Temple   | Became a worshipper of Makhleb the Destroyer
  1197 | D:5      | Found an opulent altar of Gozag.
  1293 | D:5      | Reached skill level 1 in Invocations
  1933 | D:6      | Reached skill level 7 in Axes
  1992 | D:6      | Gained mutation: You passively map the area around you.
                  | [Deep Dwarf growth]
  1992 | D:6      | Reached XP level 9. HP: 36/85 MP: 8/8
  2074 | D:6      | Reached * piety under Makhleb
  2229 | D:6      | Reached skill level 8 in Axes
  3021 | D:7      | Reached ** piety under Makhleb
  3095 | D:7      | Reached skill level 5 in Invocations
  3464 | D:8      | Noticed Pikel
  3467 | D:8      | Reached skill level 9 in Axes
  3475 | D:8      | Reached XP level 10. HP: 96/96 MP: 10/10
  3491 | D:8      | Killed Pikel
  3757 | D:8      | Reached *** piety under Makhleb
  3759 | D:8      | Noticed Harold
  3790 | D:8      | Killed Harold
  3790 | D:8      | Reached skill level 10 in Axes
  4059 | D:8      | Found a staircase to the Lair.
  4101 | D:8      | Found For Cas's Book Boutique.
  4365 | D:9      | Noticed Maggie
  4391 | D:9      | Killed Maggie
  4544 | D:9      | Reached XP level 11. HP: 98/106 MP: 12/12
  4641 | D:9      | Noticed Joseph
  4659 | D:9      | Killed Joseph
  4692 | D:9      | Found Tedugg's Magic Scroll Shop.
  4976 | D:9      | Noticed Erica
  5000 | D:9      | Killed Erica
  5123 | D:10     | Entered Level 10 of the Dungeon
  5270 | D:10     | Noticed Josephine
  5286 | D:10     | Killed Josephine
  5286 | D:10     | HP: 6/159 [wraith[Josephine] (4)]
  5290 | D:10     | Slain by a wraith

Illustrated notes

Levels and vault maps discovered:
D:1:      dpeg_arrival_shelter, layout_basic
D:2:      layout_basic, minmay_misc_feat_tiny
D:3:      layout_basic, uniq_natasha
D:4:      layout_gridville, uniq_sigmund
D:5:      cheibrodos_quashed, layout_loops_corners,
          nicolae_overflow_crystal_walls, minmay_temple_entry_arrows
D:6:      layout_basic, small_statue_intersection, minmay_ruffians
D:7:      minmay_general_purpose_star, layout_rooms
D:8:      layout_basic, grunt_lair_entry_orc_guard_hut, serial_shops,
          shop_statue, uniq_harold, uniq_pikel
D:9:      layout_loops_corners, serial_shops, shop, uniq_erica, uniq_maggie,
          uniq_joseph
D:10:     cheibrodos_grave_circle, layout_rooms, basic_altar,
          muffindrake_ghost_dual_entry, serial_ice, serial_ice_b, serial_ice_e,
          serial_ice_m, serial_ice_c, uniq_josephine
Temple:   nicolae_temple_the_god_donut

Skill      XL: |  1  2  3  4  5  6  7  8  9 10 11 |
---------------+----------------------------------+-----
Fighting       | 3 4 5 6 7 9 |  9.5
Axes           | 3 4 5 6 7 9 10 | 10.9
Armour         | 4 5 6 7 8 |  8.3
Shields        | 4 5 6 7 8 |  8.3
Invocations    | 3 5 6 7 |  7.5

Action                   |  1- 3 |  4- 6 |  7- 9 | 10-12 || total
-------------------------+-------+-------+-------+-------++-------
Melee: War axe           |    38 |    56 |   507 |    96 ||   697
       Broad axe         |       |       |       |   251 ||   251
 Abil: Heal Wounds       |     1 |     5 |    12 |    13 ||    31
  Use: Scroll            |       |       |     6 |     3 ||     9
       Potion            |       |       |       |     2 ||     2
Armor: Scale mail        |    12 |    21 |    58 |       ||    91
       Plate armour      |       |       |   170 |   180 ||   350
Dodge: Dodged            |     7 |    11 |   137 |    75 ||   230
Block: Kite shield       |    20 |    27 |   324 |   233 ||   604

Table legend: (Time is in decaauts)
 A = Elapsed time spent in this place.
 B = Non-inter-level travel time spent in this place.
 C = Inter-level travel time spent in this place.
 D = Time resting spent in this place.
 E = Time spent auto-exploring this place.
 F = Levels seen in this place.
 G = Mean time per level.
                   A        B        C        D        E       F      G
               +--------+--------+--------+--------+--------+-----+--------+
         Total |   5477 |   5232 |    245 |      0 |   3590 |  11 |  497.9 |
       Dungeon |   5220 |   5001 |    219 |      0 |   3362 |  10 |  522.0 |
        Temple |    257 |    231 |     26 |      0 |    228 |   1 |  257.0 |
               +--------+--------+--------+--------+--------+-----+--------+

Top non-repeatable levels by time:
     D:6: 982 daAuts
     D:9: 949 daAuts
     D:5: 938 daAuts
     D:8: 754 daAuts
     D:7: 608 daAuts
     D:4: 600 daAuts
  Temple: 257 daAuts
    D:10: 185 daAuts
     D:3: 114 daAuts
     D:2: 68 daAuts
     D:1: 18 daAuts
